 Dungeon Crawl Stone Soup version 0.26.1-15-g04117e645d (webtiles) character file.

Game seed: 4606944354953741321

289345 suipiss the Sorcerer (level 19, -7/106 HPs)
             Began as a Deep Elf Ice Elementalist on Dec 25, 2022.
             Was the Champion of Ashenzari.
             Shot with an arrow by a deep elf master archer (38 damage)
             ... on level 3 of the Elven Halls on Dec 26, 2022.
             The game lasted 02:35:18 (60489 turns).

suipiss the Sorcerer (Deep Elf Ice Elementalist)   Turns: 60489, Time: 02:35:18

Health: -7/106     AC: 12    Str:  5    XL:     19   Next: 91%
Magic:  51/57      EV: 22    Int: 32    God:    Ashenzari [******]
Gold:   2680       SH:  5    Dex: 17    Spells: 19/64 levels left

rFire    + + .     SeeInvis +   s - +6 great sword (freeze) (curse)
rCold    + . .     Faith    .   (shield currently unavailable)
rNeg     + . .     Spirit   .   t - +2 robe {rC+ rF+} (curse)
rPois    .         Reflect  +   B - +2 hat {Int+3} (curse)
rElec    +         Harm     .   Q - -2 cloak "Janluin" {rElec rF+} (curse)
rCorr    .         Rampage  .   y - +3 pair of gauntlets of War {Slay+5} (curse)
Will     ++...     Clarity  +   x - +2 pair of boots
Stlth    +++.......             D - amulet "Ulorezeh" {Reflect rElec rN+ Will+ Dex+2 SH+5} (curse)
HPRegen  0.27/turn              c - ring of wizardry (curse)
MPRegen  0.35/turn              w - ring of magical power

@: no potions
A: no striking features
}: 2/15 runes: decaying, serpentine
a: Renounce Religion, Curse Item, Scrying, Transfer Knowledge


You were on level 3 of the Elven Halls.
You worshipped Ashenzari.
Ashenzari was exalted by your worship.
You visited 7 branches of the dungeon, and saw 35 of its levels.
You also visited: Sewer and Ice Cave.

You collected 4524 gold pieces.
You spent 1844 gold pieces at shops.

Inventory:

Hand Weapons
 s - a cursed +6 great sword of freezing (weapon)
Armour
 t - a cursed +2 robe of resistance (worn)
 x - a +2 pair of boots (worn)
 y - the cursed +3 pair of gauntlets of War (worn) {Slay+5}
   (You acquired it on level 1 of the Lair of Beasts)

   It affects your accuracy and damage with ranged weapons and melee attacks
   (+5).
   It has a curse placed upon it.
 B - a cursed +2 hat of intelligence (worn)
 E - a +1 robe of the Archmagi
 K - the +1 robe "Nedurun" {+Blink Int+3}
   (You found it on level 2 of the Elven Halls)

   It affects your intelligence (+3).
   It lets you blink.
 Q - the cursed -2 cloak "Janluin" (worn) {rElec rF+}
   (You found it on level 1 of the Orcish Mines)

   It protects you from fire.
   It insulates you from electricity.
   It has a curse placed upon it.
Magical Staves
 M - an uncursed staff of conjuration
Jewellery
 c - a cursed ring of wizardry (left hand)
 l - an uncursed ring of ice
 r - an uncursed ring of resist corrosion
 w - a ring of magical power (right hand)
 D - the cursed amulet "Ulorezeh" (around neck) {Reflect rElec rN+ Will+ Dex+2 SH+5}
   (You bought it in a shop on level 9 of the Dungeon)

   [amulet of reflection]

   It shields you and reflects attacks.
   It affects your dexterity (+2).
   It insulates you from electricity.
   It protects you from negative energy.
   It affects your willpower, your defense against some magical effects.
   It affects your SH (+5).
   It has a curse placed upon it.
 H - an uncursed ring of poison resistance
 I - an uncursed ring of flight
 N - an uncursed ring of fire
 P - an uncursed ring of positive energy
Wands
 k - a wand of iceblast (5)
 u - a wand of flame (21)
 v - a wand of disintegration (37)
 z - a wand of digging (12)
 O - a wand of acid (21)
Scrolls
 a - a scroll of silence
 b - 16 scrolls of teleportation
 d - 7 scrolls of immolation
 g - 14 scrolls of remove curse
 j - 4 scrolls of enchant weapon
 n - 3 scrolls of magic mapping
 p - 19 scrolls of identify
 A - 4 scrolls of amnesia
 C - 3 scrolls of blinking
 F - a scroll of holy word
 R - 3 scrolls of vulnerability
 S - 2 scrolls of enchant armour
 Y - 4 scrolls of fog
Potions
 e - 2 potions of brilliance
 f - 16 potions of curing
 h - 6 potions of might
 i - 7 potions of flight
 m - 7 potions of mutation
 o - a potion of ambrosia
 G - a potion of berserk rage
 J - 6 potions of lignification
 T - 2 potions of cancellation
 V - a potion of resistance
Miscellaneous
 q - a condenser vane
 U - a phial of floods


   Skills:
 + Level 7.4 Fighting
 - Level 11.0(13.7) Dodging
 - Level 2.4(4.8) Stealth
 + Level 23.3 Spellcasting
 - Level 12.6(15.3) Conjurations
 * Level 16.5(18.9) Necromancy
 * Level 15.2(17.8) Transmutations
 + Level 18.4(20.7) Ice Magic


You had 19 spell levels left.
You knew the following spells:

 Your Spells              Type           Power        Failure   Level
b - Frozen Ramparts       Ice            100%         0%          3
c - Ozocubu's Armour      Ice            100%         0%          3
d - Hailstorm             Conj/Ice       100%         0%          4
e - Summon Ice Beast      Ice/Summ       81%          1%          4
f - Metabolic Englaciati  Hex/Ice        40%          1%          5
g - Fireball              Conj/Fire      36%          1%          5
h - Sticky Flame          Conj/Fire      73%          1%          4
i - Irradiate             Conj/Tmut      48%          1%          5
j - Ozocubu's Refrigerat  Ice            53%          0%          6
k - Simulacrum            Ice/Necr       52%          1%          6

Your spell library contained the following spells:

 Spells                   Type           Power        Failure   Level
 Animate Skeleton         Necr           100%         0%          1
 Beastly Appendage        Tmut           100%         0%          1
 Freeze                   Ice            100%         0%          1
 Pain                     Necr           100%         0%          1
 Sting                    Tmut/Pois      100%         0%          1
 Sublimation of Blood     Necr           51%          0%          2
 Wereblood                Tmut           100%         0%          2
 Vampiric Draining        Necr           51%          0%          3
 Animate Dead             Necr           51%          0%          4
 Ice Form                 Ice/Tmut       100%         0%          4
 Agony                    Necr           100%         0%          5
 Blade Hands              Tmut           50%          0%          5
 Foxfire                  Conj/Fire      100%         1%          1
 Poisonous Vapours        Pois/Air       78%          1%          2
 Confusing Touch          Hex            39%          1%          3
 Conjure Flame            Conj/Fire      73%          1%          3
 Gell's Gravitas          Tloc           19%          1%          3
 Ignite Poison            Fire/Tmut/Pois 67%          1%          3
 Inner Flame              Hex/Fire       39%          1%          3
 Mephitic Cloud           Conj/Pois/Air  64%          1%          3
 Spider Form              Tmut/Pois      38%          1%          3
 Petrify                  Tmut/Erth      77%          1%          4
 Alistair's Intoxication  Tmut/Pois      51%          1%          5
 Yara's Violent Unravell  Hex/Tmut       38%          1%          5
 Eringya's Noxious Bog    Tmut/Pois      38%          1%          6
 Freezing Cloud           Conj/Ice/Air   43%          1%          6
 Dragon Form              Tmut           50%          1%          7
 Cause Fear               Hex            19%          2%          4
 Olgreb's Toxic Radiance  Pois           39%          2%          4
 Dragon's Call            Summ           19%          100%        9


Dungeon Overview and Level Annotations

Branches:
Dungeon (15/15)            Temple (1/1) D:5            Lair (6/6) D:10
  Swamp (4/4) Lair:4        Snake (4/4) Lair:2        Slime (0/5) Lair:6
    Orc (2/2) D:12            Elf (3/3) Orc:2        Vaults (0/5) D:13
 Depths (0/5) D:15          Sewer (visited)           IceCv (visited)

Altars:
Ashenzari
Fedhas
Hepliaklqana
Nemelex Xobeh
Okawaru
Trog
Uskayaw
Wu Jian
Xom
Yredelemnul
The Shining One

Shops:
D:5 (   D:9 *(*=}   Orc:2 !?[![(([   Elf:2 *   Snake:3 *   Snake:4 [[*

Portals:
Abyss: D:1***

Annotations:
D:7 1 runed translucent door, tkbsonic5's ghost, novice OpFi
D:13 2 transporters, Eceeh's ghost, journeyman MiFi
Elf:1 6 runed translucent doors
Elf:2 3 runed translucent doors


Message History

Found 15 gold pieces.
You see here an arrow.
Casting: Hailstorm (safe; 0% risk of failure)
Confirm with . or Enter, or press ? or * to list all spells.
The heat is drained from your surroundings.
You resist.
You feel very cold. The monsters around you are frozen!
The deep elf master archer is moderately wounded. x2
The deep elf death mage shouts!
The deep elf death mage is moderately wounded.
The deep elf elementalist is heavily wounded.
You hear a shout!
The deep elf master archer shoots an arrow.
The arrow hits you!!
The deep elf master archer wields a +0 longbow.
The deep elf master archer shoots an arrow.
The arrow hits you!!
* * * LOW HITPOINT WARNING * * *
The deep elf master archer shoots an arrow.
The arrow hits you!!!
You die...

*,, ,, , ,,,, , ,,, , ,, ,,
,.....e###...... , , * , ,,
,,.......#..e.... , ,, * , , ,,
..............$, , , , ,,,,
...............,,,,, ,, , , ,,
..e............,,, ,, ,,,
*#........e# *, , , ,,,, *
*#.....# ***,,,,,, * , * * * #@#
** ,,,* **** #.# * #.# #(# #.#
#.# #.#
################.################
...#.........'.......#...........


You could see 2 deep elf master archers, a deep elf death mage and a deep elf
elementalist (repels missiles).

Vanquished Creatures
  Vashnia (Snake:4)
  A tentacled monstrosity (Swamp:2)
  Gastronok (D:9)
  Kirke (Swamp:4)
  9 nagarajas
  A thorn hunter (Swamp:4)
  A fenstrider witch (Swamp:4)
  A frost giant (IceCv)
  A deep elf demonologist (Elf:1)
  3 slime creatures
  A deep elf annihilator (Elf:1)
  4 bunyips
  A dire elephant (Lair:3)
  A deep elf death mage (Elf:3)
  Snorg (Lair:5)
  2 eleionomae
  An ettin (D:15)
  2 deep elf high priests (Elf:1)
  Josephine (D:12)
  24 naga warriors
  Fannar (D:12)
  5 vault guards (D:13)
  3 boulder beetles
  20 hydras
  2 ghost crabs (Swamp:4)
  Erica (Lair:1)
  2 centaur warriors
  An ogre mage (D:14)
  10 anacondas
  12 dancing weapons
  4 two-headed ogres
  A catoblepas (Lair:6)
  4 tengu warriors
  6 alligators
  8 death yaks
  17 naga sharpshooters
  The ghost of BiteMe the Arsonist, a novice DsFE of Vehumet (Orc:1)
  Nergalle (D:12)
  3 shock serpents
  Sonja (Lair:1)
  11 deep elf knights
  5 orc high priests (Orc:2)
  2 salamander mystics (Snake:3)
  6 goliath frogs
  2 unseen horrors
  5 bog bodies
  12 deep elf archers
  7 sea snakes (Snake:4)
  12 swamp dragons
  6 spriggan druids
  A wizard (D:13)
  10 naga ritualists
  5 lindwurms
  13 mana vipers
  5 orc knights (Orc:2)
  4 oklob plants (Lair:4)
  37 deep elf magi
  10 ugly things
  3 orc sorcerers
  5 will-o-the-wisps
  5 manticores
  18 salamanders
  26 elephants
  8 cyclopes
  17 guardian serpents
  Maurice (Orc:2)
  An ice statue (IceCv)
  Psyche (D:12)
  46 black mambas
  3 torpor snails
  23 naga magi
  8 cane toads
  2 gargoyles
  A yaktaur (D:15)
  A redback zombie (D:14)
  3 rime drakes
  2 kobold demonologists (D:13)
  An efreet (D:15)
  10 komodo dragons
  8 tyrant leeches
  2 bloated husks (Swamp:2)
  9 trolls
  17 hornets
  16 polar bears (IceCv)
  4 dream sheep (Lair:6)
  18 blink frogs
  A hornet (shapeshifter) (D:14)
  An air elemental (Elf:2)
  A shadow (D:15)
  Sigmund (D:3)
  19 spriggans
  6 wraiths
  3 wyverns
  A vampire (D:10)
  2 water elementals
  58 yaks
  3 basilisks
  2 hogs (Swamp:4)
  3 humans
  5 fire elementals
  Menkaure (D:4)
  19 swamp worms
  75 nagas
  10 vampire mosquitoes
  A harpy simulacrum (D:15)
  6 wargs
  2 acid dragons (D:12)
  20 water moccasins
  A soldier ant (D:14)
  33 orc warriors
  3 black bears
  11 swamp drakes
  2 sky beasts
  9 ice beasts
  33 wolves
  12 centaurs
  12 ogres
  3 big kobolds
  20 bullfrogs
  2 earth elementals
  2 water moccasin zombies
  A hornet simulacrum (D:11)
  5 scorpions
  22 wights
  5 electric eels
  8 howler monkeys
  2 centaur zombies
  2 quasits
  4 bullfrog zombies
  10 jellies
  8 hounds
  15 orc wizards
  24 orc priests
  4 centaur skeletons
  Jessica (D:2)
  11 hell rats (Lair:4)
  8 iguanas
  7 worker ants
  A hound zombie (D:11)
  2 hound skeletons
  A worker ant zombie (D:7)
  Robin (D:2)
  4 gnolls
  27 adders
  A river rat (D:4)
  2 shadow imps
  4 ufetubi
  4 oozes
  An adder skeleton (D:9)
  3 worms
  5 leopard geckos
  73 orcs
  2 bats (D:2)
  A giant cockroach (D:2)
  13 goblins
  5 hobgoblins
  16 jackals
  11 quokkas
  4 ball pythons (D:3)
  A ball python zombie (D:5)
  2 frilled lizards (D:2)
  22 kobolds
  A leopard gecko skeleton (D:5)
  A quokka skeleton (D:6)
  7 rats
  14 briar patches (Swamp:4)
1322 creatures vanquished.

Vanquished Creatures (collateral kills)
  A rakshasa (D:12)
  A catoblepas (Lair:6)
  6 hydras
  5 death yaks (Lair:6)
  An orc knight (Orc:2)
  A manticore (Lair:6)
  3 black mambas
  10 elephants
  2 cane toads (Lair:6)
  A komodo dragon (Lair:6)
  A tyrant leech (Swamp:1)
  A blink frog (Lair:1)
  5 yaks
  A swamp worm (Lair:4)
  3 water moccasins
  A swamp drake (Swamp:1)
  3 orc warriors (Orc:2)
  An ogre (Orc:2)
  A hell rat (Lair:4)
  2 adders (D:12)
  An orc (Orc:2)
51 creatures vanquished.

Vanquished Creatures (others)
  An elephant (Lair:6)
  A rime drake (Lair:6)
  3 humans (Swamp:4)
  10 foxfires
  151 fungi
  164 plants
330 creatures vanquished.

Grand Total: 1703 creatures vanquished

Notes
Turn   | Place    | Note
-------+----------+-------------------------------------------
     0 | D:1      | suipiss the Deep Elf Ice Elementalist began the quest for
                  | the Orb.
     0 | D:1      | Reached XP level 1. HP: 10/10 MP: 6/6
  1053 | D:2      | Reached XP level 2. HP: 15/15 MP: 6/8
  1199 | D:2      | Noticed Jessica
  1205 | D:2      | Killed Jessica
  1206 | D:2      | Reached skill level 4 in Spellcasting
  1206 | D:2      | Reached XP level 3. HP: 19/19 MP: 6/10
  1210 | D:2      | Learned a level 3 spell: Frozen Ramparts
  1214 | D:2      | Learned a level 3 spell: Ozocubu's Armour
  1274 | D:2      | Reached skill level 5 in Ice Magic
  1817 | D:2      | Reached XP level 4. HP: 18/24 MP: 4/12
  2149 | D:2      | Noticed Robin
  2152 | D:2      | Killed Robin
  2675 | D:3      | Reached skill level 5 in Spellcasting
  2675 | D:3      | Reached XP level 5. HP: 18/28 MP: 8/14
  2785 | D:3      | Learned a level 4 spell: Hailstorm
  2804 | D:3      | Found a sparkling altar of Nemelex Xobeh.
  3156 | D:3      | Noticed Sigmund
  3164 | D:3      | Killed Sigmund
  3165 | D:3      | Reached skill level 1 in Conjurations
  3165 | D:3      | Reached XP level 6. HP: 28/32 MP: 3/16
  3264 | D:3      | Learned a level 4 spell: Summon Ice Beast
  3702 | D:4      | Reached skill level 6 in Spellcasting
  3802 | D:4      | Found a glowing drain.
  3809 | Sewer    | Entered a sewer
  3918 | Sewer    | Noticed a water moccasin
  3926 | Sewer    | Killed a water moccasin
  4084 | D:4      | Reached XP level 7. HP: 14/36 MP: 3/18
  4889 | D:4      | Noticed Menkaure
  4901 | D:4      | Reached skill level 11 in Spellcasting
  4901 | D:4      | Reached XP level 8. HP: 40/41 MP: 11/25
  4904 | D:4      | Killed Menkaure
  5139 | D:5      | Entered Level 5 of the Dungeon
  5167 | D:5      | Found an iron altar of Okawaru.
  5275 | D:5      | Found a staircase to the Ecumenical Temple.
  5333 | D:5      | Learned a level 5 spell: Metabolic Englaciation
  5349 | D:5      | Found an iron altar of Okawaru.
  5649 | D:5      | Noticed a hornet
  5650 | D:5      | Paralysed by a hornet for 1 turns
  5652 | D:5      | Killed a hornet
  5653 | D:5      | Reached skill level 10 in Ice Magic
  5962 | D:5      | Found a blossoming altar of Fedhas.
  6062 | Temple   | Entered the Ecumenical Temple
  6069 | Temple   | Became a worshipper of Ashenzari the Shackled
  6119 | D:5      | Found Geitod's Weapon Emporium.
  6739 | D:6      | Reached XP level 9. HP: 25/45 MP: 18/26
  7560 | D:7      | Found a runed translucent door.
  7560 | D:7      | Found a shimmering altar of Xom.
  7560 | D:7      | Noticed tkbsonic5's ghost (novice OpFi)
  7562 | D:7      | Noticed a +0 war axe of chaos
  8572 | D:8      | Reached * piety under Ashenzari
 10356 | D:9      | Reached skill level 12 in Spellcasting
 10358 | D:9      | Reached XP level 10. HP: 33/50 MP: 7/28
 10617 | D:9      | Found Seqobb's Weapon Emporium.
 10861 | D:9      | Found Veim's Assorted Antiques.
 10882 | D:9      | Found Apuezano's Jewellery Shoppe.
 10982 | D:9      | Noticed Gastronok
 10999 | D:9      | Killed Gastronok
 11427 | D:9      | Found Gunyenam's General Store.
 11749 | D:9      | Found Goreum's Gadget Emporium.
 11858 | D:10     | Entered Level 10 of the Dungeon
 12134 | D:10     | Reached skill level 10 in Conjurations
 12137 | D:10     | Reached XP level 11. HP: 29/54 MP: 5/29
 12140 | D:10     | Reached skill level 13 in Spellcasting
 12603 | D:10     | Found a staircase to the Lair.
 13216 | D:9      | Bought a scintillating zirconium amulet for 145 gold pieces
 13216 | D:9      | Identified the amulet "Ulorezeh" {Reflect rElec rN+ Will+
                  | Dex+2 SH+5} (You bought it in a shop on level 9 of the
                  | Dungeon)
 13237 | D:9      | Bought an uncursed ring of poison resistance for 280 gold
                  | pieces
 13250 | D:10     | Killed an unseen horror
 13342 | Lair:1   | Entered Level 1 of the Lair of Beasts
 13683 | Lair:1   | Noticed a six-headed hydra
 13718 | Lair:1   | Killed a six-headed hydra
 13924 | Lair:1   | Noticed Sonja
 13928 | Lair:1   | Killed Sonja
 14092 | Lair:1   | Reached skill level 14 in Spellcasting
 14217 | Lair:1   | Noticed Erica
 14231 | Lair:1   | Killed Erica
 15005 | Lair:1   | Identified a scroll of acquirement
 15006 | Lair:1   | Acquired the cursed +3 pair of gauntlets of War {Slay+5}
 15007 | Lair:1   | Found the cursed +3 pair of gauntlets of War {Slay+5}
 15318 | Lair:2   | Found a staircase to the Snake Pit.
 15579 | Lair:2   | Reached XP level 12. HP: 40/59 MP: 24/32
 15688 | Lair:2   | Noticed a five-headed hydra
 15929 | Lair:2   | Reached skill level 10 in Dodging
 16468 | Lair:2   | Reached ** piety under Ashenzari
 16489 | Lair:2   | Reached skill level 15 in Spellcasting
 16640 | Lair:2   | Killed a five-headed hydra
 18341 | Lair:3   | Reached XP level 13. HP: 63/63 MP: 4/34
 18352 | Lair:3   | Noticed a dire elephant
 18360 | Lair:3   | Killed a dire elephant
 18525 | Lair:3   | Reached skill level 16 in Spellcasting
 19502 | Lair:3   | Found a glowing golden altar of the Shining One.
 20501 | Lair:4   | Reached *** piety under Ashenzari
 21123 | Lair:4   | Reached skill level 17 in Spellcasting
 21123 | Lair:4   | Reached skill level 15 in Ice Magic
 21346 | Lair:4   | Acquired 523 gold pieces
 21782 | Lair:4   | Found a staircase to the Swamp.
 22423 | Lair:5   | Noticed Snorg
 22437 | Lair:5   | Killed Snorg
 22775 | Lair:5   | Learned a level 5 spell: Fireball
 22788 | Lair:5   | Learned a level 4 spell: Sticky Flame
 23336 | Lair:5   | Reached **** piety under Ashenzari
 23841 | Lair:6   | Entered Level 6 of the Lair of Beasts
 23851 | Lair:6   | Reached XP level 14. HP: 56/68 MP: 23/37
 24265 | Lair:6   | Found a staircase to the Slime Pits.
 24334 | Lair:6   | Reached skill level 1 in Necromancy
 24392 | Lair:6   | Reached skill level 1 in Transmutations
 24623 | Lair:6   | Reached skill level 18 in Spellcasting
 26163 | Lair:6   | Reached skill level 5 in Necromancy
 26611 | D:11     | Reached skill level 5 in Transmutations
 28483 | D:12     | Found a staircase to the Orcish Mines.
 28504 | D:12     | Noticed Fannar
 28511 | D:12     | Killed Fannar
 28953 | D:12     | Noticed Psyche
 28959 | D:12     | Killed Psyche
 29104 | D:12     | Reached ***** piety under Ashenzari
 29268 | D:12     | Reached XP level 15. HP: 72/72 MP: 34/39
 29444 | D:12     | Noticed Josephine
 29449 | D:12     | Killed Josephine
 29652 | D:12     | Noticed Nergalle
 29660 | D:12     | Killed Nergalle
 30056 | D:12     | Found a bloodstained altar of Trog.
 30360 | Orc:1    | Entered Level 1 of the Orcish Mines
 30360 | Orc:1    | Found a runed translucent gate.
 30360 | Orc:1    | Found a runed translucent gate.
 30360 | Orc:1    | Found a runed translucent gate.
 30367 | Orc:1    | Noticed BiteMe's ghost (novice DsFE)
 30380 | Orc:1    | Reached skill level 19 in Spellcasting
 30384 | Orc:1    | Killed BiteMe's ghost
 30396 | Orc:1    | Got the cursed cloak "Janluin" {rElec rF+}
 30407 | Orc:1    | Identified the cursed -2 cloak "Janluin" {rElec rF+} (You
                  | found it on level 1 of the Orcish Mines)
 30662 | Orc:2    | Entered Level 2 of the Orcish Mines
 30662 | Orc:2    | Found Unaat's Antique Armour Shop.
 30667 | Orc:2    | Noticed Maurice
 30672 | Orc:2    | Killed Maurice
 30971 | Orc:2    | Found Favats's Weapon Shoppe.
 30986 | Orc:2    | Found a staircase to the Elven Halls.
 32326 | Orc:2    | Found Guhy's Distillery.
 32327 | Orc:2    | Found Zygurut's Armour Boutique.
 32327 | Orc:2    | Found Cuighol's Magic Scroll Shop.
 32328 | Orc:2    | Found Bapi's Distillery.
 32353 | Orc:2    | Bought a scroll of blinking for 112 gold pieces
 32844 | Orc:2    | Found Guphut's Antique Weapon Emporium.
 32867 | Orc:2    | Found Fiem's Antique Armour Boutique.
 32978 | Orc:2    | Bought a potion of heal wounds for 70 gold pieces
 32978 | Orc:2    | Bought a potion of cancellation for 112 gold pieces
 32980 | Orc:2    | Bought a scroll of acquirement for 780 gold pieces
 32984 | Orc:2    | Bought a potion of resistance for 150 gold pieces
 32984 | Orc:2    | Bought a potion of heal wounds for 75 gold pieces
 32988 | Orc:2    | Bought a potion of magic for 120 gold pieces
 32988 | Orc:2    | Acquired a book of Alchemy
 32996 | Orc:2    | Learned a level 5 spell: Irradiate
 33330 | Swamp:1  | Entered Level 1 of the Swamp
 33892 | Snake:1  | Entered Level 1 of the Snake Pit
 34423 | D:13     | Found a frozen archway.
 34437 | IceCv    | Entered an ice cave
 35797 | IceCv    | Noticed a frost giant
 35813 | IceCv    | Killed a frost giant
 36224 | IceCv    | Learned a level 6 spell: Ozocubu's Refrigeration
 36231 | IceCv    | Learned a level 6 spell: Simulacrum
 36619 | D:13     | Reached skill level 1 in Fighting
 37061 | D:13     | Found a gate to the Vaults.
 37281 | D:13     | Noticed Eceeh's ghost (journeyman MiFi)
 37282 | D:13     | Identified the cursed +2 dire flail of Objectivity {elec,
                  | +Fly Str+2 Int-2 Dex+4}
 37285 | D:13     | Reached XP level 16. HP: 79/79 MP: 17/41
 37474 | D:13     | Reached skill level 20 in Spellcasting
 37527 | D:13     | Found a transporter.
 37531 | D:13     | Found a transporter.
 37752 | D:14     | Reached skill level 10 in Necromancy
 37890 | D:14     | Identified the +2 scale mail "Wiqoirph" {Regen+}
 39305 | D:15     | Entered Level 15 of the Dungeon
 39580 | D:15     | Found a staircase to the Depths.
 39926 | D:15     | Reached skill level 10 in Transmutations
 42973 | Snake:2  | Reached XP level 17. HP: 27/88 MP: 3/43
 43323 | Snake:2  | Reached skill level 21 in Spellcasting
 46580 | Snake:3  | Found Xifyhuyf's General Store.
 46654 | Snake:3  | Reached ****** piety under Ashenzari
 46809 | Snake:4  | Entered Level 4 of the Snake Pit
 47349 | Snake:4  | Found Elysem's Assorted Antiques.
 47351 | Snake:4  | Found Kenkin's Armour Shop.
 47354 | Snake:4  | Found Rutri's Antique Armour Boutique.
 47616 | Snake:4  | Reached skill level 5 in Fighting
 47748 | Snake:4  | Identified the +8 morningstar of Starshine {freeze, rElec
                  | Str+3 SInv}
 48001 | Snake:4  | Noticed Vashnia
 48021 | Snake:4  | Killed Vashnia
 48404 | Snake:4  | Reached XP level 18. HP: 96/96 MP: 32/45
 48703 | Snake:4  | Reached skill level 22 in Spellcasting
 49651 | Snake:4  | Got a serpentine rune of Zot
 52640 | Swamp:2  | Noticed a tentacled monstrosity
 52660 | Swamp:2  | Killed a tentacled monstrosity
 53393 | Swamp:3  | Reached skill level 15 in Necromancy
 54372 | Swamp:4  | Entered Level 4 of the Swamp
 54429 | Swamp:4  | Reached XP level 19. HP: 103/103 MP: 11/47
 54583 | Swamp:4  | Noticed Kirke
 54588 | Swamp:4  | Killed Kirke
 55551 | Swamp:4  | Reached skill level 23 in Spellcasting
 56388 | Swamp:4  | Got a decaying rune of Zot
 57022 | Elf:1    | Entered Level 1 of the Elven Halls
 58255 | Elf:1    | Found a runed translucent gate.
 58255 | Elf:1    | Found a runed translucent gate.
 58255 | Elf:1    | Found a runed translucent gate.
 58255 | Elf:1    | Found a runed translucent gate.
 58255 | Elf:1    | Found a runed translucent gate.
 58256 | Elf:1    | Found a runed translucent gate.
 58791 | Elf:2    | Reached skill level 15 in Transmutations
 59094 | Elf:2    | Identified the +1 robe "Nedurun" {+Blink Int+3}
 59147 | Elf:2    | Found Imopiobb's Assorted Antiques.
 59203 | Elf:2    | Found a runed translucent gate.
 59203 | Elf:2    | Found a runed translucent gate.
 59204 | Elf:2    | Found a runed translucent gate.
 59657 | Elf:3    | Entered Level 3 of the Elven Halls
 60489 | Elf:3    | Shot with an arrow by a deep elf master archer

Illustrated notes

Levels and vault maps discovered:
D:1:      minmay_arrival_glassed_features, layout_basic
D:2:      layout_basic, minmay_misc_feat_x, uniq_jessica, uniq_robin
D:3:      layout_loops_ring, nemelex_diamond_rough_becter, uniq_sigmund
D:4:      layout_basic, serial_rivers, chequers_serial_rivers_micro_c,
          chequers_serial_rivers_small_3, chequers_serial_rivers_micro_c,
          chequers_serial_rivers_room_a, lightli_sewer_entry_pipes,
          small_statue_intersection, uniq_menkaure
D:5:      layout_gridville, okawaru_metal_pillars_3, minmay_temple_entry_trees,
          serial_shops, nicolae_shop_window_shopping, basic_altar,
          fedhas_altar_1
D:6:      layout_loops_ring
D:7:      layout_rooms, ebering_ghost_xom
D:8:      layout_basic, kennysheep_dice
D:9:      layout_loops_ring, serial_shops, shop_statue, shop,
          kennysheep_little_box, nicolae_shop_crystal, nicolae_shop_stone,
          uniq_gastronok
D:10:     layout_cave_pools, david_lair_generic, grunt_ministairs_10,
          wad_floor_pattern_2
D:11:     layout_loops_corners, minmay_microvault
D:12:     layout_grid_maze, orc_0_dummy, david_defended_altar_elf,
          uniq_josephine, uniq_nergalle, uniq_fannar, uniq_psyche
D:13:     layout_rooms, grunt_vaults_entry_fortified,
          portal_ice_cave_entry_ice_beasts, gammafunk_ghost_smash
D:14:     minmay_chambers_of_sevens, layout_irregular_city,
          minmay_misc_feat_tower, serial_rivers, chequers_serial_rivers_large_b,
          chequers_serial_rivers_large_a, chequers_serial_rivers_marsh,
          chequers_serial_rivers_room_b, chequers_serial_rivers_micro_d
D:15:     hangedman_depths_entry_civil_slaughter, layout_long_grid,
          serial_park_fountain, minmay_stone_trees_small, grunt_ministairs_14
Temple:   nicolae_temple_the_god_donut
Lair:1:   layout_concentric_octagons, grunt_megastairs_1,
          infiniplex_staircase_pool_2, uniq_sonja, uniq_erica
Lair:2:   layout_concentric_octagons, minmay_snake_entry_six_corridors,
          serial_bayou_pond_b
Lair:3:   mu_elephants_graveyard, layout_misc_corridors, lemuel_centaur_altar,
          serial_bayou_shore_b
Lair:4:   layout_layer_cave, palyth_hydra_swamp_entry, grunt_megastairs_3,
          minmay_lair_oklob_chamber
Lair:5:   layout_loops_ring, bh_autumn_forest_stairs, uniq_snorg
Lair:6:   hangedman_lair_in_review, layout_concentric_octagons,
          nicolae_slime_entry_slimehenge
Swamp:1:  layout_basic_swamp, evilmike_swamp_ruin_house_4, swamp_pool5
Swamp:2:  cheibrodos_swamp_monstrosity, layout_basic_swamp, serial_swamp_ruin,
          evilmike_swamp_ruin_house_2, hangedman_swamp_ruin_wall,
          evilmike_swamp_ruin_house_5, swamp_pool1
Swamp:3:  layout_basic_swamp, evilmike_swamp_ruin_rubble_2, swamp_pool5,
          nicolae_swamp_hydra_murder_den
Swamp:4:  swamp_alternative, layout_basic_swamp, swamp_pool2, uniq_kirke
Snake:1:  nicolae_snake_hallway, layout_rooms, serial_bayou_pond_c, st_stairs_3
Snake:2:  nicolae_cobra_stairs, layout_basic
Snake:3:  layout_grid_shapes, serial_shops, shop, lemuel_fruit_tree
Snake:4:  grunt_snake_rune_pools, layout_cave_town, minmay_shop_star,
          uniq_vashnia
Orc:1:    layout_diamond_mine, gammafunk_ghost_split, serial_shops, shop
Orc:2:    st_orc_pillars, layout_caves, serial_shops, shop, shop,
          nicolae_shop_behind_doors,
          nicolae_shop_temple_entry_statues_fountains, nooodl_orcs_dogs,
          uniq_maurice
Elf:1:    elf_arrival_002, layout_gridlike, orc_legates, grunt_ministairs_11
Elf:2:    layout_onion_city, serial_shops, shop
Elf:3:    minmay_elf_hall, layout_geoelf_castle, basic_altar

Skill      XL: |  1  2  3  4  5  6  7  8  9 10 11 12 13 14 15 16 17 18 19 |
---------------+----------------------------------------------------------+-----
Spellcasting   | 4 5 6 11 12 14 15 17 18 19 20 21 22 23 | 23.3
Dodging        | 3 4 7 8 9 10 11 | 11.0
Ice Magic      | 5 6 9 10 11 12 14 15 16 17 18 | 18.4
Conjurations   | 1 3 8 9 10 11 12 | 12.6
Necromancy     | 6 9 11 13 15 16 | 16.5
Transmutations | 5 9 11 12 14 15 | 15.2
Fighting       | 1 3 5 6 7 |  7.4
Stealth        | |  2.4

Action                   |  1- 3 |  4- 6 |  7- 9 | 10-12 | 13-15 | 16-18 | 19-21 || total
-------------------------+-------+-------+-------+-------+-------+-------+-------++-------
Melee: Short sword       |    13 |    47 |       |       |       |       |       ||    60
       Dagger            |       |       |   102 |     9 |       |       |       ||   111
       Falchion          |       |       |       |    23 |       |       |       ||    23
       Scimitar          |       |       |       |    55 |   193 |       |       ||   248
       Great sword       |       |       |       |       |       |    49 |    11 ||    60
 Cast: Freeze            |    23 |    13 |    34 |    37 |    26 |       |       ||   133
       Frozen Ramparts   |     4 |    27 |    31 |    39 |    42 |     3 |       ||   146
       Hailstorm         |       |     1 |    65 |   156 |   302 |    71 |    31 ||   626
       Ozocubu's Armour  |       |     1 |     4 |    13 |    10 |       |       ||    28
       Metabolic Englaci |       |       |     1 |     3 |    32 |       |       ||    36
       Summon Ice Beast  |       |       |       |    26 |   102 |     1 |       ||   129
       Fireball          |       |       |       |       |   112 |    32 |    12 ||   156
       Sticky Flame      |       |       |       |       |    18 |     6 |     6 ||    30
       Ozocubu's Refrige |       |       |       |       |    17 |   410 |   128 ||   555
       Irradiate         |       |       |       |       |     1 |    11 |    14 ||    26
       Simulacrum        |       |       |       |       |       |     1 |       ||     1
Invok: Curse Item        |       |       |     1 |     2 |     3 |       |       ||     6
Evoke: Wand              |       |       |       |     8 |    20 |     1 |     5 ||    34
       Box of beasts     |       |       |       |       |     2 |       |       ||     2
       Condenser vane    |       |       |       |       |     3 |     2 |     2 ||     7
       Phial of floods   |       |       |       |       |       |     1 |     1 ||     2
  Use: Scroll            |     3 |     7 |     5 |    11 |    14 |     9 |     3 ||    52
       Potion            |       |       |     5 |     3 |    11 |     4 |     4 ||    27
 Stab: Sleeping          |     3 |     1 |     5 |       |       |     2 |       ||    11
       Petrified         |       |       |       |       |     4 |       |       ||     4
Armor: Robe              |     2 |       |    20 |    39 |    45 |    31 |     9 ||   146
       Leather armour    |       |    13 |       |       |       |       |       ||    13
       Troll leather arm |       |       |       |       |     6 |       |       ||     6
Dodge: Dodged            |    17 |    44 |   106 |   173 |   291 |   135 |    55 ||   821
Block: Other             |       |       |       |    22 |    82 |    19 |    11 ||   134
       Reflection        |       |       |       |       |     6 |     1 |     1 ||     8
       Rpst.: Falchion   |       |       |       |    15 |       |       |       ||    15
       Scimitar          |       |       |       |    31 |    56 |       |       ||    87
       Great sword       |       |       |       |       |       |    25 |     6 ||    31
